 Dungeon Crawl Stone Soup version 0.29-a0-330-g52719c12eb (webtiles) character file.

Game seed: 14566402324381243530

398 kae the Firebug (level 6, -4/50 HPs)
             Began as a Demigod Fire Elementalist on May 11, 2022.
             Succumbed to a killer bee's poison
             ... on level 4 of the Dungeon on May 12, 2022.
             The game lasted 00:03:58 (3827 turns).

kae the Firebug (Demigod Fire Elementalist)         Turns: 3827, Time: 00:03:59

Health: -4/50      AC:  7    Str:  9    XL:     6   Next: 27%
Magic:  9/13       EV: 12    Int: 25    God:
Gold:   190        SH:  0    Dex: 14    Spells: 2/11 levels left

rFire   . . .      SeeInvis .   (no weapon)
rCold   + . .      Faith    .   (no shield)
rNeg    . . .      Spirit   .   f - +3 leather armour
rPois   .          Reflect  .   (no helmet)
rElec   .          Harm     .   j - +0 cloak
rCorr   .          Rampage  .   (no gloves)
Will    .....                   (no boots)
Stlth   ++........              (no amulet)
HPRegen 0.16/turn               c - ring of protection from cold
MPRegen 0.13/turn               (no ring)

@: brilliant, lethally poisoned (-4 -> -26)
A: high MP 1, forlorn, divine attributes
a: no special abilities


You were on level 4 of the Dungeon.
You visited 1 branch of the dungeon, and saw 4 of its levels.

You collected 190 gold pieces.

Inventory:

Hand Weapons
 g - a +1 mace of holy wrath
Armour
 a - a +0 robe
 f - a +3 leather armour (worn)
 j - a +0 cloak (worn)
Jewellery
 c - a ring of protection from cold (left hand)
Wands
 e - a wand of flame (13)
Scrolls
 d - a scroll of vulnerability
 k - a scroll of magic mapping
Potions
 b - a potion of magic
 i - 2 potions of degeneration
 l - a potion of curing


   Skills:
 + Level 2.4 Fighting
 + Level 3.2 Dodging
 - Level 1.7 Stealth
 + Level 3.0 Spellcasting
 + Level 2.7 Conjurations
 + Level 3.8 Fire Magic


You had 2 spell levels left.
You knew the following spells:

 Your Spells              Type           Power      Damage    Failure   Level
a - Foxfire               Conj/Fire      100%       2x1d9     3%          1
b - Scorch                Fire           68%        2d8       4%          2
c - Conjure Flame         Conj/Fire      30%        6-21      11%         3
d - Inner Flame           Hex/Fire       20%        N/A       19%         3

Your spell library contained the following spells:

 Spells                   Type           Power      Damage    Failure   Level
 Static Discharge         Conj/Air       15%        N/A       12%         2
 Ensorcelled Hibernation  Hex/Ice        10%        N/A       22%         2
 Flame Wave               Conj/Fire      30%        2d8       36%         4
 Spider Form              Tmut/Pois      5%         N/A       38%         3
 Anguish                  Hex/Necr       2%         N/A       80%         4
 Lightning Bolt           Conj/Air       7%         1d20      92%         5
 Maxwell's Capacitive Co  Air            2%         ∞         100%        8


Dungeon Overview and Level Annotations

Branches:
Dungeon (4/15)
 Temple: D:4-7

Annotations:
D:2 1 runed translucent door, Crazy Yiuf


Innate Abilities, Weirdness & Mutations

You have an increased reservoir of magic. (+10% MP)
You shall have no god before yourself.
Your divine heritage dramatically boosts your attributes as you level up.


Message History

Okay, then.
Okay, then.
Okay, then.
You feel sick. The killer bee barely misses you. The killer bee stings you!
The killer bee stings you.
You are more poisoned.
The killer bee poisons you!
The killer bee attacks as you move away!
The killer bee barely misses you.
The killer bee attacks as you move away!
The killer bee barely misses you.
You feel very sick. The killer bee stings you! The killer bee misses you.
You feel sick.
The killer bee stings you but does no damage.
Casting: Foxfire (safe; 3% risk of failure)
Confirm with . or Enter, or press ? or * to list all spells.
Aiming: Inner Flame (dangerous; 19% risk of failure)
Press: ? - help, Dir - move target, f - killer bee
Aim: a killer bee (heavily wounded, chance to affect: 81%)
You feel a surge of power!
The killer bee is filled with an inner flame.
You feel sick. The killer bee stings you!
* * * LOW HITPOINT WARNING * * *
You are lethally poisoned!
The killer bee poisons you! The killer bee stings you.
* * * LOW HITPOINT WARNING * * *
Casting: Inner Flame (dangerous; 19% risk of failure)
Confirm with . or Enter, or press ? or * to list all spells.
You feel a surge of power!
Flames lash the killer bee.
The killer bee is moderately wounded.
The killer bee's fire resistance burns away.
* * * LOW HITPOINT WARNING * * *
You feel very sick. The killer bee stings you.
* * * LOW HITPOINT WARNING * * *
You are more poisoned.
The killer bee poisons you!
The killer bee stings you but does no damage.
You die...

#....#.#.# #.
#........
#..#....#.#
#..#...?..#
#.##....#.#..
#..+.........
#.##....#
###.##y...#.#.
#...@yy.......
###.#####.#.##
#...........
#............
#<#####.#.###
#.# .. #.# #.#
#.#


You could see 3 killer bees.

Vanquished Creatures
  Sigmund (D:2)
  2 orc priests (D:3)
  A jelly (D:2)
  2 orc wizards (D:3)
  4 adders
  2 worms (D:3)
  2 dart slugs
  4 orcs
  3 bats
  3 endoplasms (D:3)
  2 giant cockroaches
  5 goblins
  6 hobgoblins
  4 quokkas
  4 ball pythons
  4 kobolds
  5 rats
54 creatures vanquished.

Vanquished Creatures (others)
  An orc (D:2)
  223 foxfires
224 creatures vanquished.

Grand Total: 278 creatures vanquished

Notes
Turn   | Place    | Note
-------+----------+-------------------------------------------
     0 | D:1      | kae the Demigod Fire Elementalist began the quest for the
                  | Orb.
     0 | D:1      | Reached XP level 1. HP: 14/14 MP: 5/5
    84 | D:1      | Reached skill level 1 in Conjurations
   219 | D:1      | Reached XP level 2. HP: 22/22 MP: 5/7
   258 | D:1      | Learned a level 2 spell: Scorch
  1240 | D:2      | Reached XP level 3. HP: 27/27 MP: 3/8
  1616 | D:2      | Reached skill level 1 in Fighting
  1771 | D:2      | Noticed Sigmund
  2210 | D:2      | Found a runed translucent door.
  2211 | D:2      | Noticed Crazy Yiuf
  2359 | D:2      | Learned a level 3 spell: Conjure Flame
  2414 | D:3      | Reached XP level 4. HP: 35/35 MP: 5/10
  2684 | D:2      | Killed Sigmund
  2685 | D:2      | Reached XP level 5. HP: 25/41 MP: 3/12
  3230 | D:3      | Identified the +2 scale mail "Zaucko" {rElec Str+5 Int-4}
  3242 | D:3      | Reached XP level 6. HP: 46/48 MP: 8/13
  3745 | D:3      | Learned a level 3 spell: Inner Flame
  3826 | D:4      | HP: 1/50 [killer bee (5)]
  3827 | D:4      | Succumbed to a killer bee's poison

Illustrated notes

Levels and vault maps discovered:
D:1:      eino_arrival_water_star, layout_basic
D:2:      layout_loops_corners, basic_altar, kennysheep_crisscross,
          minmay_tetromino_o2, uniq_sigmund, uniq_crazy_yiuf_cottage
D:3:      layout_loops_ring, basic_ecumenical_altar, corexii_corridor_pit,
          minmay_misc_feat_x, minmay_ruptured
D:4:      layout_basic, lightli_sewer_entry_pipes

Skill      XL: |  1  2  3  4  5  6 |
---------------+-------------------+-----
Conjurations   | 1 2 |  2.7
Dodging        | 2 3 |  3.2
Spellcasting   | 2 3 |  3.0
Fire Magic     | 3 |  3.8
Fighting       | 1 2 |  2.4
Stealth        | |  1.7

Action                   |  1- 3 |  4- 6 || total
-------------------------+-------+-------++-------
Melee: Mace              |       |     3 ||     3
 Cast: Foxfire           |    69 |    61 ||   130
       Scorch            |     2 |     2 ||     4
       Inner Flame       |       |     1 ||     1
  Use: Scroll            |     5 |     1 ||     6
       Potion            |       |     2 ||     2
Armor: Robe              |     2 |       ||     2
       Leather armour    |     3 |    14 ||    17
Dodge: Dodged            |     7 |    32 ||    39

Table legend: (Time is in decaauts)
 A = Elapsed time spent in this place.
 B = Non-inter-level travel time spent in this place.
 C = Inter-level travel time spent in this place.
 D = Time resting spent in this place.
 E = Time spent auto-exploring this place.
 F = Levels seen in this place.
 G = Mean time per level.
                   A        B        C        D        E       F      G
               +--------+--------+--------+--------+--------+-----+--------+
         Total |   3828 |   3671 |    157 |     12 |   3161 |   4 |  957.0 |
       Dungeon |   3828 |   3671 |    157 |     12 |   3161 |   4 |  957.0 |
               +--------+--------+--------+--------+--------+-----+--------+

Top non-repeatable levels by time:
     D:2: 1386 daAuts
     D:1: 1218 daAuts
     D:3: 1189 daAuts
     D:4: 34 daAuts
